 Dungeon Crawl Stone Soup version 0.30-a0-777-ga9a30cbeda (webtiles) character file.

Game seed: 17958648223499388258

2 Esekla the Sneak (level 1, -3/11 HPs)
             Began as a Vine Stalker Delver on Feb 14, 2023.
             Was an Initiate of Vehumet.
             Killed from afar by Sigmund (7 damage)
             ... with a puff of flame
             ... on level 3 of the Dungeon.
             The game lasted 00:04:20 (493 turns).

Esekla the Sneak (Vine Stalker Delver)               Turns: 493, Time: 00:04:20

Health: -3/11      AC:  3    Str: 14    XL:     1   Next: 30%
Magic:  0/2        EV: 11    Int: 10    God:    Vehumet [......]
Gold:   102        SH:  0    Dex: 15    Spells: 0/0 levels left

rFire   . . .      SeeInvis .    a - +0 falchion
rCold   . . .      Faith    .    (no shield)
rNeg    . . .      Spirit   +    b - +0 leather armour
rPois   .          Reflect  .    (no helmet)
rElec   .          Harm     .    (no cloak)
rCorr   .          Rampage  .    (no gloves)
Will    .....                    (no boots)
Stlth   +++                      (no amulet)
HPRegen 0.21/turn                (no ring)
MPRegen 0.08/turn                (no ring)

@: no status effects
A: fangs 2, magic shield, antimagic bite, no potion heal 2
a: Renounce Religion


You were on level 3 of the Dungeon.
You worshipped Vehumet.
Vehumet was noncommittal.
You visited 2 branches of the dungeon, and saw 4 of its levels.

You collected 102 gold pieces.

Inventory:

Hand Weapons
 a - a +0 falchion (weapon)
 k - a +0 dagger
Missiles
 h - 2 curare-tipped darts (quivered)
Armour
 b - a +0 leather armour (worn)
Wands
 g - a wand of digging (2)
Scrolls
 c - a scroll of fog
 d - a scroll of amnesia {unknown}
 e - 2 scrolls of fear
 j - 2 scrolls of teleportation {unknown}
Potions
 f - a potion of haste
 i - a potion of berserk rage {unknown}


   Skills:
 * Level 2.6 Fighting
 * Level 1.7 Long Blades
 + Level 1.5 Dodging
 + Level 6.1 Stealth
 * Level 0.2 Spellcasting


You couldn't memorise any spells.
You didn't know any spells.
Your spell library was empty.

Dungeon Overview and Level Annotations

Branches:
Dungeon (5/15)             Temple (1/1) D:5

Altars:
Ashenzari
Cheibriados
Dithmenos
Elyvilon
Fedhas
Gozag
Hepliaklqana
Kikubaaqudgha
Makhleb
Nemelex Xobeh
Okawaru
Qazlal
Trog
Vehumet
Wu Jian
Xom
Yredelemnul
The Shining One

Annotations:
D:3 Sigmund
D:4 Duvessa


Innate Abilities, Weirdness & Mutations

You have extremely sharp teeth.
When hurt, damage is shared between your health and your magic reserves.
Your bite disrupts and absorbs the magic of your enemies.
Potions cannot restore your health.


Message History

Found a war axe.
Duvessa, Sister of Dowan comes into view.
She is wielding a +0 short sword of flaming.
There is a stone staircase leading up here.
You climb upwards.
There is a stone staircase leading down here.
A bat comes into view.
A goblin comes into view. It is wielding a +0 dagger.
The frilled lizard closely misses you.
You barely miss the frilled lizard. Your bite misses the frilled lizard.
The goblin shouts!
You hear a shout!
The frilled lizard closely misses you.
You miss the frilled lizard. The bat hits you but does no damage.
The frilled lizard bites you but does no damage.
Sigmund the Dreaded comes into view.
He is wielding a +0 scythe.
You miss the frilled lizard.
You bite the frilled lizard, but do no damage.
The bat hits you but does no damage. The frilled lizard bites you.
The frilled lizard attacks as you move away!
The frilled lizard barely misses you. The bat hits you but does no damage.
The bat hits you but does no damage.
The frilled lizard attacks as you move away!
The frilled lizard bites you.
Found a stone staircase leading up.
The bat hits you but does no damage.
The frilled lizard attacks as you move away!
The frilled lizard completely misses you.
You slash the frilled lizard!
You kill the frilled lizard!
Vehumet accepts your kill.
You slash the goblin!
You kill the goblin!
Vehumet accepts your kill. The bat misses you.
Sigmund hits you with a +0 scythe!
Ouch! That really hurt!
You see here a +0 dagger.
k - a +0 dagger Sigmund points at you and mumbles some strange words.
The puff of flame hits you!
Ouch! That really hurt!
You die...

#.#...>........
#..............
###............
#..........#
#..........#
#b.........#
#@###..##.##
##.###..# .#
#@..##..#
#..^..<.....
##.#...##..##
#.##.###.... #
#.# #.##. #.#
#.# #.# ..


You could see Sigmund and a bat.

Vanquished Creatures
  A goblin (D:3)
  A frilled lizard (D:3)
2 creatures vanquished.

Notes
Turn   | Place    | Note
-------+----------+-------------------------------------------
     0 | D:5      | Esekla the Vine Stalker Delver began the quest for the Orb.
     0 | D:5      | Reached XP level 1. HP: 11/11 MP: 2/2
    26 | D:5      | Found a staircase to the Ecumenical Temple.
    34 | Temple   | Entered the Ecumenical Temple
   308 | Temple   | Became a worshipper of Vehumet
   444 | D:4      | Noticed a lemure
   469 | D:4      | Noticed Duvessa
   481 | D:3      | Noticed Sigmund
   493 | D:3      | Killed from afar by Sigmund

Illustrated notes

Levels and vault maps discovered:
D:3:      layout_loops_ring, serial_park_tiny_2,
          hangedman_decor_clover_reticule, uniq_natasha, uniq_sigmund,
          uniq_pargi
D:4:      layout_loops_corners, chequers_serial_rivers_small_a,
          uniq_blork_the_orc, uniq_eustachio, uniq_duvessa, uniq_robin,
          uniq_pikel
D:5:      layout_cave_pods, minmay_temple_entry_hall, due_unseen_surprise,
          uniq_edmund
Temple:   mainiacjoe_temple_big_plus

Action                     || total
---------------------------++-------
  Melee: Falchion          ||     5
         Bite              ||     1
  Evoke: Wand              ||     1
    Use: Scroll            ||     1
 Armour: Leather armour    ||     6
  Dodge: Dodged            ||     5

Table legend: (Time is in decaauts)
 A = Elapsed time spent in this place.
 B = Non-inter-level travel time spent in this place.
 C = Inter-level travel time spent in this place.
 D = Time resting spent in this place.
 E = Time spent auto-exploring this place.
 F = Levels seen in this place.
 G = Mean time per level.
                   A        B        C        D        E       F      G
               +--------+--------+--------+--------+--------+-----+--------+
         Total |    493 |    454 |     39 |      0 |    253 |   4 |  123.2 |
       Dungeon |    181 |    180 |      1 |      0 |      0 |   3 |   60.3 |
        Temple |    312 |    274 |     38 |      0 |    253 |   1 |  312.0 |
               +--------+--------+--------+--------+--------+-----+--------+

Top non-repeatable levels by time:
  Temple: 312 daAuts
     D:5: 129 daAuts
     D:4: 30 daAuts
     D:3: 20 daAuts
